[Event "Titled Tuesday Blitz February 15 Early 2022"]
[White "Jumabayev, Rinat"]
[Black "Ferreira, Vitor Hugo Vieira"]
[WhiteFideId "13702661"]
[BlackFideId "2119765"]
[WhiteElo "2561"]
[BlackElo "2216"]
[Result "1-0"]
[Round "04"]
[TimeControl "180+1"]
[Date "2022.02.15"]
[WhiteClock "0:00:08"]
[BlackClock "0:00:13"]

1. e4 c5 2. Ne2 d6 3. Nbc3 Nc6 4. h3 g6 5. d4 cxd4 6. Nxd4 Bg7 7. Be3 Nf6 8. Bc4 Qa5 9. O-O Qb4 10. Bb3 O-O 11. a3 Qa5 12. Re1 Bd7 13. Nd5 Rfe8 14. Nf3 Rac8 15. c3 Be6 16. Nxf6+ Bxf6 17. Bxe6 fxe6 18. Qb3 d5 19. Rad1 Red8 20. Bg5 Qb6 21. Qa2 Qb5 22. e5 Bg7 23. a4 Qc4 24. Qa1 h6 25. Be3 g5 26. Nd4 Nxd4 27. Rxd4 Qc7 28. f4 Qd7 29. Qd1 Qe8 30. fxg5 Bxe5 31. gxh6 Bxd4 32. Bxd4 Qg6 33. Bg7 d4 34. Bxd4 Qxh6 35. Re5 Rd5 36. Re4 Rcd8 37. Qe2 e5 38. Bxe5 Rd2 39. Qg4+ Kf7 40. Bf4 Rd1+ 41. Kh2 Qf6 42. Bg5 Qg6 43. Rxe7+ Kf8 44. Qf4+ Kg8 45. Bf6 R8d7 46. Re3 R1d5 47. Rg3 Kh7 48. Rxg6 Kxg6 49. Bd4 Rf5 50. Qg4+ Rg5 51. Qxd7 Rg3 52. Qg7+ 1-0


[Site "https://www.chess.com"]

[Event "Titled Tuesday Blitz February 15 Early 2022"]
[White "Kalajzic, Ivan"]
[Black "Vokhidov, Shamsiddin"]
[WhiteFideId "14506378"]
[BlackFideId "14204223"]
[WhiteElo "2163"]
[BlackElo "2611"]
[Result "0-1"]
[Round "04"]
[TimeControl "180+1"]
[Date "2022.02.15"]
[WhiteClock "0:00:45"]
[BlackClock "0:02:14"]

1. b3 g6 2. Bb2 Nf6 3. Bxf6 exf6 4. c4 d5 5. cxd5 Qxd5 6. Nc3 Qa5 7. a3 c5 8. g3 Bg7 9. Bg2 O-O 10. e3 f5 11. Nge2 Rd8 12. O-O Nc6 13. Qb1 Rxd2 14. Rc1 Be6 15. Bxc6 bxc6 16. b4 Qd8 17. bxc5 Rb8 18. Rd1 Rxb1 19. Raxb1 Bxc3 20. Nxc3 Rxd1+ 21. Rxd1 Qa5 22. Ne2 Qxa3 23. Rd8+ Kg7 24. Nd4 Qc1+ 25. Kg2 Bd5+ 26. f3 Qxe3 0-1


[Site "https://www.chess.com"]

[Event "Titled Tuesday Blitz February 15 Early 2022"]
[White "Karabalis, Harilos"]
[Black "Sovetbekova, Nurai"]
[WhiteFideId "4621808"]
[BlackFideId "13801910"]
[WhiteElo "2168"]
[BlackElo "1545"]
[Result "1-0"]
[Round "04"]
[TimeControl "180+1"]
[Date "2022.02.15"]
[WhiteClock "0:01:35"]
[BlackClock "0:00:12"]

1. e4 c5 2. a3 d5 3. exd5 Qxd5 4. Nc3 Qd8 5. Bc4 Nc6 6. Nf3 Nf6 7. h3 Bf5 8. d3 e6 9. O-O Be7 10. Re1 O-O 11. Ba2 Nd4 12. Nh4 Bg6 13. Ne2 Nd5 14. Nxg6 hxg6 15. Ng3 Bf6 16. c3 Nc6 17. Qf3 Qd7 18. Bd2 Rad8 19. Rad1 Nb6 20. Be3 Ne5 21. Qe2 Qc6 22. Ne4 Be7 23. Nxc5 Bxc5 24. Bxc5 Qxc5 25. Qxe5 Qc6 26. d4 Nc4 27. Qe2 b5 28. Rd3 Rd5 29. Rf3 Rg5 30. Bxc4 bxc4 31. Qe4 Qc7 32. Qf4 Qb6 33. Qxg5 1-0


[Site "https://www.chess.com"]

[Event "Titled Tuesday Blitz February 15 Early 2022"]
[White "Khoroshev, Nikita"]
[Black "Moksh Amit Doshi"]
[WhiteFideId "14200287"]
[BlackFideId "25064967"]
[WhiteElo "2354"]
[BlackElo "2245"]
[Result "1-0"]
[Round "04"]
[TimeControl "180+1"]
[Date "2022.02.15"]
[WhiteClock "0:01:26"]
[BlackClock "0:00:31"]

1. d4 Nf6 2. Nf3 d5 3. Bg5 e6 4. Nbd2 Be7 5. Bxf6 Bxf6 6. e4 c5 7. e5 Be7 8. c3 O-O 9. Bd3 b6 10. O-O Ba6 11. Bxa6 Nxa6 12. Qa4 Nb8 13. Rfd1 Qd7 14. Qxd7 Nxd7 15. c4 dxc4 16. Nxc4 Rfd8 17. d5 exd5 18. Rxd5 Nf8 19. Rad1 Ne6 20. a4 Kf8 21. g3 g5 22. h3 h5 23. Kf1 Kg7 24. Rxd8 Rxd8 25. Rxd8 Bxd8 26. Ke2 Kg6 27. Ke3 Bc7 28. Ke4 a6 29. Kd5 b5 30. axb5 axb5 31. Na3 b4 32. Nc4 g4 33. hxg4 hxg4 34. Nh4+ Kg5 35. Nd2 Nf4+ 36. gxf4+ Kxh4 37. Ne4 Bb6 38. f5 c4 39. Kxc4 Bxf2 40. e6 g3 41. Nxg3 fxe6 42. fxe6 1-0


[Site "https://www.chess.com"]

[Event "Titled Tuesday Blitz February 15 Early 2022"]
[White "Khumalo, Keith"]
[Black "Samadov, Read"]
[WhiteFideId "14319470"]
[BlackFideId "13417444"]
[WhiteElo "1992"]
[BlackElo "2084"]
[Result "0-1"]
[Round "04"]
[TimeControl "180+1"]
[Date "2022.02.15"]
[WhiteClock "0:01:32"]
[BlackClock "0:01:14"]

1. d4 Nf6 2. c4 e6 3. Nf3 d5 4. g3 Bb4+ 5. Bd2 Be7 6. Qc2 O-O 7. Bg2 c6 8. O-O b6 9. Bf4 Nbd7 10. Nbd2 Ba6 11. Rfe1 c5 12. e4 dxe4 13. Nxe4 Nxe4 14. Rxe4 Nf6 15. Ree1 cxd4 16. Rad1 Rc8 17. Rxd4 Qe8 18. b3 Bc5 19. Rdd1 b5 20. Bd6 bxc4 21. Bxf8 Qxf8 22. bxc4 Bxc4 23. Rc1 Ng4 24. h3 Bxf2+ 25. Kh1 Bxe1 26. hxg4 Bxg3 27. Ng5 g6 28. Qc3 Qh6+ 29. Nh3 Ba6 30. Qxc8+ Bxc8 31. Rxc8+ Kg7 32. g5 Qh5 33. Rd8 Qe2 34. Ng1 Qe5 35. Nf3 Qa1+ 36. Ng1 Bf2 0-1


[Site "https://www.chess.com"]

[Event "Titled Tuesday Blitz February 15 Early 2022"]
[White "Kirillov, Dmitry"]
[Black "Zheenbekov, Nurgazy"]
[WhiteFideId "34180572"]
[BlackFideId "13800485"]
[WhiteElo "2076"]
[BlackElo "1959"]
[Result "0-1"]
[Round "04"]
[TimeControl "180+1"]
[Date "2022.02.15"]
[WhiteClock "0:00:21"]
[BlackClock "0:00:26"]

1. d4 Nf6 2. c4 e6 3. Nf3 b6 4. e3 Bb7 5. Nc3 Bb4 6. Bd3 O-O 7. O-O d5 8. cxd5 exd5 9. a3 Bd6 10. b4 a6 11. Bb2 Re8 12. Rc1 Nbd7 13. Re1 Nf8 14. Bf1 Ng6 15. g3 Ne4 16. Bg2 h5 17. h4 Qf6 18. Re2 Ne7 19. Ne5 Nxc3 20. Bxc3 Ng6 21. Nd3 Qf5 22. Rec2 Nf8 23. Bf3 g6 24. a4 Nd7 25. b5 a5 26. Bg2 Nf6 27. Ne5 Ne4 28. Be1 Rad8 29. Qd3 Bxe5 30. dxe5 Qxe5 31. Rxc7 Nc5 32. R1xc5 bxc5 33. Rxb7 d4 34. e4 Qe6 35. Bf1 Qxe4 36. Qc4 Qxb7 37. Bd2 Qd5 38. Qxd5 Rxd5 39. Bg2 Rde5 40. b6 c4 41. Bf4 c3 42. b7 f6 43. Bxe5 fxe5 44. Be4 Rb8 45. Kf1 Rxb7 0-1


[Site "https://www.chess.com"]

[Event "Titled Tuesday Blitz February 15 Early 2022"]
[White "Kobalia, Mikhail"]
[Black "Dobrov, Vladimir"]
[WhiteFideId "4119150"]
[BlackFideId "4136594"]
[WhiteElo "2667"]
[BlackElo "2614"]
[Result "0-1"]
[Round "04"]
[TimeControl "180+1"]
[Date "2022.02.15"]
[WhiteClock "0:00:06"]
[BlackClock "0:00:10"]

1. e4 c5 2. Nf3 Nc6 3. Bb5 e6 4. O-O Nge7 5. Re1 a6 6. Bf1 d5 7. exd5 Qxd5 8. Nc3 Qd8 9. Ne4 Nf5 10. d3 b6 11. g3 Bb7 12. Bg2 Be7 13. Bf4 O-O 14. Ne5 Nxe5 15. Bxe5 Qd7 16. h4 Rad8 17. h5 f6 18. Bc3 Nd4 19. h6 g6 20. Bxd4 cxd4 21. a4 e5 22. Nd2 Bxg2 23. Kxg2 Rc8 24. Qf3 Bb4 25. Red1 Rxc2 26. Nc4 Qe6 27. Rdc1 e4 28. Qd1 Rxc1 29. Rxc1 e3 30. Qe2 b5 31. axb5 axb5 32. Na3 Re8 33. Rc7 Qd5+ 34. f3 Bf8 35. Nc2 Bxh6 36. Ra7 Bf8 37. Ne1 Rc8 38. Kh3 Qf5+ 39. Kg2 Qe6 40. f4 Qd5+ 41. Nf3 Rc1 42. Kh2 Qh5+ 0-1


[Site "https://www.chess.com"]

[Event "Titled Tuesday Blitz February 15 Early 2022"]
[White "Komissarov, Alexey"]
[Black "Sahil, Tickoo"]
[WhiteFideId "4176545"]
[BlackFideId "5019710"]
[WhiteElo "2216"]
[BlackElo "2099"]
[Result "1-0"]
[Round "04"]
[TimeControl "180+1"]
[Date "2022.02.15"]
[WhiteClock "0:01:01"]
[BlackClock "0:00:02"]

1. e4 c5 2. d4 cxd4 3. c3 Nf6 4. e5 Nd5 5. Nf3 Nc6 6. Bc4 Nb6 7. Bb3 d5 8. exd6 e6 9. O-O dxc3 10. Nxc3 Bxd6 11. Bc2 g6 12. Bh6 Bf8 13. Qc1 Qe7 14. Rd1 Bd7 15. Ne4 Bxh6 16. Qxh6 O-O-O 17. Nd6+ Kb8 18. Ng5 Be8 19. Qg7 Rf8 20. Nxh7 Rxd6 21. Rxd6 Qxd6 22. Qxf8 Qxf8 23. Nxf8 Nd4 24. Bd3 Nd5 25. Nh7 Nf4 26. Bf1 e5 27. Nf6 1-0


[Site "https://www.chess.com"]

[Event "Titled Tuesday Blitz February 15 Early 2022"]
[White "Kopylov, Alexander A."]
[Black "Gan-Erdene, Sugar"]
[WhiteFideId "4164857"]
[BlackFideId "4902980"]
[WhiteElo "2436"]
[BlackElo "2256"]
[Result "1-0"]
[Round "04"]
[TimeControl "180+1"]
[Date "2022.02.15"]
[WhiteClock "0:01:04"]
[BlackClock "0:00:16"]

1. e4 c5 2. Nf3 d6 3. d4 cxd4 4. Nxd4 Nf6 5. f3 Nc6 6. c4 e6 7. Nc3 Be7 8. Be3 O-O 9. Be2 a6 10. O-O Bd7 11. Qd2 Rc8 12. Rac1 Kh8 13. Rfd1 Qa5 14. b3 Qh5 15. Bf1 Nxd4 16. Bxd4 b5 17. cxb5 axb5 18. Ne2 d5 19. Nf4 Qg5 20. Be3 d4 21. Qxd4 e5 22. Ne2 Qxg2+ 23. Kxg2 exd4 24. Nxd4 b4 25. Bc4 Ra8 26. e5 Nh5 27. Rc2 Bc5 28. Bd5 Bxd4 29. Rxd4 Ra5 30. Be4 Be6 31. Rxb4 Rxe5 32. Rc5 Nf4+ 33. Kg3 Nh5+ 34. Kh4 Rxc5 35. Bxc5 Rc8 36. Bd6 Nf6 37. a4 h6 38. a5 g5+ 39. Kg3 Rc1 40. Be5 Kg7 41. a6 h5 42. a7 Rc2 43. Bxc2 1-0


[Site "https://www.chess.com"]

[Event "Titled Tuesday Blitz February 15 Early 2022"]
[White "Korchmar, Vasiliy"]
[Black "Andreikin, Dmitry"]
[WhiteFideId "24131750"]
[BlackFideId "4158814"]
[WhiteElo "2370"]
[BlackElo "2736"]
[Result "0-1"]
[Round "04"]
[TimeControl "180+1"]
[Date "2022.02.15"]
[WhiteClock "0:00:05"]
[BlackClock "0:01:02"]

1. d4 Nf6 2. Bf4 c5 3. e3 g6 4. Nd2 Bg7 5. Ngf3 O-O 6. Be2 cxd4 7. exd4 d6 8. O-O Qb6 9. Nc4 Qc7 10. h3 b5 11. Ne3 a6 12. c3 Nbd7 13. a4 Rb8 14. axb5 axb5 15. Qb3 Bb7 16. Ra7 Qb6 17. Rfa1 b4 18. R7a4 bxc3 19. Rb4 Qxb4 20. Qxb4 Bxf3 21. Qxc3 Bxe2 22. Ra7 Rfc8 23. Qd2 Bb5 24. b4 Ne4 25. Qa2 Bxd4 26. Ra5 Nc3 27. Qd2 Ne2+ 28. Kh2 Bc3 0-1


[Site "https://www.chess.com"]

[Event "Titled Tuesday Blitz February 15 Early 2022"]
[White "Kretov, Evgenij"]
[Black "Mosutha, Thuso"]
[WhiteFideId "4167821"]
[BlackFideId "11302550"]
[WhiteElo "2303"]
[BlackElo "2028"]
[Result "1-0"]
[Round "04"]
[TimeControl "180+1"]
[Date "2022.02.15"]
[WhiteClock "0:00:52"]
[BlackClock "0:00:01"]

1. d4 d5 2. c4 e6 3. Nc3 Nf6 4. cxd5 exd5 5. Bg5 Be7 6. e3 O-O 7. Bd3 h6 8. Bh4 Be6 9. Qc2 c5 10. dxc5 Bxc5 11. Nf3 Nc6 12. a3 Rc8 13. O-O Be7 14. Rfd1 Nd7 15. Bxe7 Qxe7 16. Rac1 Nde5 17. Nxe5 Nxe5 18. Be2 Rfd8 19. Rd2 Nc4 20. Rd4 b5 21. Qb3 a6 22. Rcd1 Na5 23. Qc2 Qg5 24. Bf3 Nc6 25. R4d2 b4 26. axb4 Nxb4 27. Qa4 Rb8 28. Rd4 a5 29. R4d2 Bg4 30. Bxg4 Qxg4 31. Nxd5 Qe6 32. Nf4 Qe7 33. Qxa5 Rxd2 34. Rxd2 Nc6 35. Qc3 Ne5 36. h3 Qf6 37. Rd5 Re8 38. Nd3 1-0


[Site "https://www.chess.com"]

[Event "Titled Tuesday Blitz February 15 Early 2022"]
[White "Krylov, Ivan"]
[Black "Winkels, Marcel"]
[WhiteFideId "24128066"]
[BlackFideId "1003887"]
[WhiteElo "2258"]
[BlackElo "1900"]
[Result "0-1"]
[Round "04"]
[TimeControl "180+1"]
[Date "2022.02.15"]
[WhiteClock "0:00:12"]
[BlackClock "0:01:05"]

1. e4 c5 2. Nf3 g6 3. c3 Bg7 4. d4 cxd4 5. cxd4 d5 6. e5 Nh6 7. Bd3 Bf5 8. Nc3 Bxd3 9. Qxd3 O-O 10. Qb5 Nc6 11. Qxd5 Qb6 12. O-O Rad8 13. Qb3 Qxb3 14. axb3 Nxd4 15. Nxd4 Rxd4 16. Rxa7 Rb4 17. Nd5 Rxb3 18. Nxe7+ Kh8 19. h3 Nf5 20. Nxf5 gxf5 21. Re1 Rc8 22. Ra4 Rc2 23. Bf4 Rbxb2 24. Bg3 h6 25. e6 fxe6 26. Rxe6 Re2 27. Ra8+ Kh7 28. Rxe2 Rxe2 29. Ra7 Rb2 30. Ra5 Kg6 31. Rd5 b5 32. Rd6+ Kf7 33. Rb6 b4 34. Rb7+ Kg6 35. Kf1 Rb1+ 36. Ke2 b3 37. Kd3 b2 38. Kc2 Rc1+ 39. Kd2 b1=Q 40. Rxb1 Rxb1 41. Ke2 Rb3 42. Bf4 Bf6 43. Be3 Bg5 44. Bd4 f4 45. Ba7 Kf5 46. Bc5 Ke4 47. f3+ Kd5 48. Bf8 h5 49. Bg7 Ra3 50. Bc3 Rxc3 0-1


[Site "https://www.chess.com"]

[Event "Titled Tuesday Blitz February 15 Early 2022"]
[White "Kucuksari, Kaan"]
[Black "Jobava, Baadur"]
[WhiteFideId "6380166"]
[BlackFideId "13601520"]
[WhiteElo "2305"]
[BlackElo "2617"]
[Result "1-0"]
[Round "04"]
[TimeControl "180+1"]
[Date "2022.02.15"]
[WhiteClock "0:00:04"]
[BlackClock "0:00:14"]

1. d4 d5 2. Nf3 Nf6 3. c4 dxc4 4. e3 Bg4 5. Bxc4 e6 6. Nc3 Nc6 7. h3 Bh5 8. O-O Bd6 9. Be2 O-O 10. a3 Qe8 11. b4 Rd8 12. b5 Ne7 13. e4 Ng6 14. Bg5 Nf4 15. e5 Bxf3 16. Bxf4 Bxe2 17. Qxe2 Nd5 18. Nxd5 exd5 19. Qc2 Be7 20. Qxc7 Rd7 21. Qa5 b6 22. Qa6 Rc7 23. Rfc1 Rc4 24. Rxc4 dxc4 25. Rc1 g5 26. Be3 f5 27. exf6 Bxf6 28. Qxa7 Qxb5 29. Qc7 Ra8 30. Rxc4 Bd8 31. Qc6 Qxc6 32. Rxc6 Kf7 33. d5 b5 34. Rc5 Rb8 35. d6 h6 36. Re5 Bf6 37. Re4 Rc8 38. d7 Rc1+ 39. Bxc1 1-0


[Site "https://www.chess.com"]

[Event "Titled Tuesday Blitz February 15 Early 2022"]
[White "Kuzmin, Roman"]
[Black "Redzisz, Michal"]
[WhiteFideId "44134932"]
[BlackFideId "21816107"]
[WhiteElo "1978"]
[BlackElo "1961"]
[Result "0-1"]
[Round "04"]
[TimeControl "180+1"]
[Date "2022.02.15"]
[WhiteClock "0:00:02"]
[BlackClock "0:00:37"]

1. e4 d5 2. exd5 Qxd5 3. Nc3 Qa5 4. d4 c6 5. Nf3 Nf6 6. Be2 Bg4 7. O-O e6 8. h3 Bh5 9. Be3 Bd6 10. a3 Nbd7 11. b4 Qc7 12. Na4 O-O 13. c4 Rad8 14. Qb3 Bf4 15. Rfd1 Bxe3 16. Qxe3 Rfe8 17. Ne5 Bxe2 18. Qxe2 a6 19. Nc3 a5 20. g4 axb4 21. axb4 Ra8 22. g5 Nxe5 23. dxe5 Nd7 24. Rxa8 Rxa8 25. Rd6 Nf8 26. c5 Ra1+ 27. Kg2 b6 28. Qe4 bxc5 29. Rxc6 Qe7 30. Rxc5 Qxg5+ 31. Qg4 Qc1 32. Ne2 Qh1+ 33. Kg3 h5 34. Qxh5 Qe4 0-1


[Site "https://www.chess.com"]

[Event "Titled Tuesday Blitz February 15 Early 2022"]
[White "Kuznecovs, Nikita"]
[Black "Samaganova, Aleksandra"]
[WhiteFideId "11604557"]
[BlackFideId "13800221"]
[WhiteElo "2127"]
[BlackElo "1859"]
[Result "1-0"]
[Round "04"]
[TimeControl "180+1"]
[Date "2022.02.15"]
[WhiteClock "0:02:13"]
[BlackClock "0:00:15"]

1. d4 Nf6 2. Bf4 e6 3. e3 b6 4. Nf3 Bb7 5. Nbd2 c5 6. c3 d5 7. Bd3 Bd6 8. Bb5+ Nc6 9. Qa4 Qc7 10. Bxd6 Qxd6 11. Ne5 Rc8 12. Qxa7 O-O 13. Qxb7 Nxe5 14. dxe5 Qxe5 15. Be2 Rb8 16. Qa6 Qd6 17. Qb5 e5 18. O-O h6 19. a4 e4 20. Rfd1 Qc7 21. Qb3 Rfc8 22. Bb5 Ng4 23. Nf1 c4 24. Qc2 Rd8 25. b3 cxb3 26. Qxb3 Qe5 27. h3 Nf6 28. Rd4 Ne8 29. Rad1 Nc7 30. c4 Qf6 31. cxd5 Rd6 32. Qc2 Qe7 33. Ng3 Rb7 34. Nf5 1-0


[Site "https://www.chess.com"]

[Event "Titled Tuesday Blitz February 15 Early 2022"]
[White "Kuzubov, Yuriy"]
[Black "Tregubov, Pavel V."]
[WhiteFideId "14112906"]
[BlackFideId "4115341"]
[WhiteElo "2548"]
[BlackElo "2341"]
[Result "0-1"]
[Round "04"]
[TimeControl "180+1"]
[Date "2022.02.15"]
[WhiteClock "0:00:05"]
[BlackClock "0:00:12"]

1. d4 Nf6 2. c4 e6 3. Nf3 Bb4+ 4. Bd2 Qe7 5. g3 Bxd2+ 6. Qxd2 Nc6 7. Nc3 d5 8. Ne5 dxc4 9. Bg2 O-O 10. Rd1 Nxe5 11. dxe5 Nd7 12. f4 Rb8 13. Ne4 b5 14. Qc2 h6 15. g4 Bb7 16. g5 Bxe4 17. Qxe4 hxg5 18. fxg5 Rbd8 19. g6 fxg6 20. Bf3 Nc5 21. Qg4 Rxd1+ 22. Kxd1 Qf7 23. Rg1 Qf5 24. Qd4 Na4 25. Bg4 Qb1+ 26. Kd2 Qxb2+ 27. Qxb2 Nxb2 28. Bxe6+ Kh7 29. Kc3 Na4+ 30. Kb4 a6 31. Bd7 Nb6 32. e6 Rd8 33. e7 Nd5+ 34. Kc5 Nxe7 35. Be6 Rd6 36. Bf7 Rf6 37. Be8 Rf5+ 38. Kd4 Rd5+ 39. Ke4 Rd2 40. e3 Rxa2 41. Rg4 Kg8 42. Bd7 Kf7 43. Rf4+ Nf5 44. h4 Ke7 45. Bc6 Kd6 46. Be8 Ra4 47. Bxg6 c3+ 48. Kd3 Rxf4 49. exf4 Nxh4 50. Be4 b4 51. Kc4 Ng2 0-1


[Site "https://www.chess.com"]

[Event "Titled Tuesday Blitz February 15 Early 2022"]
[White "Lakshmi C"]
[Black "Vivas Zamora, Fabian Ernesto"]
[WhiteFideId "25035347"]
[BlackFideId "3902480"]
[WhiteElo "1775"]
[BlackElo "1966"]
[Result "1-0"]
[Round "04"]
[TimeControl "180+1"]
[Date "2022.02.15"]
[WhiteClock "0:00:05"]
[BlackClock "0:00:01"]

1. e4 e5 2. Nf3 Nc6 3. Bb5 Nf6 4. O-O Nxe4 5. Re1 Nd6 6. Nxe5 Be7 7. Nxc6 dxc6 8. Bd3 O-O 9. Nc3 Bf5 10. Be2 Bf6 11. d3 Re8 12. Be3 Bg6 13. Qd2 Nf5 14. Bf4 Nd4 15. Bg4 h5 16. Bh3 Re7 17. Ne4 Bxe4 18. dxe4 c5 19. c3 Nc6 20. Qe3 b6 21. Kh1 Qe8 22. f3 Rd8 23. Rad1 Ne5 24. Bg3 g6 25. Qe2 Rxd1 26. Rxd1 Qa4 27. b3 Qa5 28. Qd2 Nc6 29. Bd7 Bxc3 30. Qg5 Qxa2 31. Bxc6 Qxb3 32. Rd8+ Kg7 33. h4 Bf6 34. Qf4 Qb1+ 35. Kh2 Qa1 36. Qd2 Bd4 37. Bd5 1-0


[Site "https://www.chess.com"]

[Event "Titled Tuesday Blitz February 15 Early 2022"]
[White "Le, Tuan Minh"]
[Black "Riehle, Marco"]
[WhiteFideId "12401153"]
[BlackFideId "12904392"]
[WhiteElo "2450"]
[BlackElo "2462"]
[Result "1-0"]
[Round "04"]
[TimeControl "180+1"]
[Date "2022.02.15"]
[WhiteClock "0:00:16"]
[BlackClock "0:00:02"]

1. d4 d5 2. Nf3 Nf6 3. Bf4 e6 4. e3 Bd6 5. Bg3 O-O 6. c4 c6 7. Nc3 Re8 8. Bd3 dxc4 9. Bxc4 b5 10. Bd3 a6 11. Rc1 Bb7 12. O-O Bxg3 13. hxg3 Nbd7 14. Ne4 e5 15. Nd6 e4 16. Nxb7 Qc7 17. Nc5 Nxc5 18. Rxc5 exd3 19. Qxd3 Nd7 20. Rc2 Rac8 21. Rfc1 Qb7 22. Qf5 h6 23. Nd2 Re6 24. Nb3 Rce8 25. Na5 Qb6 26. Nxc6 Nf6 27. Ne5 b4 28. Rc7 Rf8 29. Rc8 Ree8 30. Rxe8 Rxe8 31. g4 a5 32. g5 hxg5 33. Qxg5 a4 34. Qf5 a3 35. b3 Qa6 36. Qd3 Qd6 37. Qc4 Rxe5 38. dxe5 Qxe5 39. Qd4 Qh5 40. f3 Qg5 41. Rc8+ Kh7 42. Rc5 Qg3 43. Rc1 Qg5 44. Kf2 Qh5 45. Qxb4 Qh6 46. Qf4 Qh5 47. Qd4 Kg8 48. b4 g6 49. Qxf6 Kh7 50. Qxf7+ Kh6 51. Qf8+ Kh7 52. Rc7# 1-0


[Site "https://www.chess.com"]

[Event "Titled Tuesday Blitz February 15 Early 2022"]
[White "Lewtak, Damian"]
[Black "Martin Carmona, Gaston Manuel"]
[WhiteFideId "1141724"]
[BlackFideId "22284567"]
[WhiteElo "2361"]
[BlackElo "2161"]
[Result "0-1"]
[Round "04"]
[TimeControl "180+1"]
[Date "2022.02.15"]
[WhiteClock "0:00:10"]
[BlackClock "0:00:44"]

1. d4 Nf6 2. c4 g6 3. Nc3 Bg7 4. Nf3 d6 5. e4 O-O 6. Be2 Nbd7 7. O-O e5 8. d5 Nc5 9. Qc2 a5 10. Be3 b6 11. b3 Ng4 12. Bxc5 bxc5 13. h3 Nh6 14. Ne1 f5 15. Nd3 Nf7 16. Rae1 f4 17. Bg4 Bb7 18. a3 h5 19. Be2 Qh4 20. b4 axb4 21. axb4 cxb4 22. Nxb4 g5 23. Qd1 g4 24. hxg4 Ra3 25. Nb5 Rg3 26. Bd3 Bc8 27. fxg3 fxg3 28. Rf5 Bxf5 29. exf5 Qh2+ 30. Kf1 Qh1+ 31. Ke2 Qxg2+ 32. Ke3 Qf2+ 0-1


[Site "https://www.chess.com"]

[Event "Titled Tuesday Blitz February 15 Early 2022"]
[White "Lodici, Lorenzo"]
[Black "Van Foreest, Jorden"]
[WhiteFideId "884189"]
[BlackFideId "1039784"]
[WhiteElo "2265"]
[BlackElo "2609"]
[Result "1-0"]
[Round "04"]
[TimeControl "180+1"]
[Date "2022.02.15"]
[WhiteClock "0:00:04"]
[BlackClock "0:00:02"]

1. f4 Nc6 2. Nf3 d5 3. g3 Bg4 4. Bg2 Qd7 5. h3 Bxf3 6. Bxf3 e5 7. fxe5 Nxe5 8. Bg2 Bd6 9. e3 Nf6 10. Nc3 c6 11. Qe2 Ng6 12. g4 Bg3+ 13. Kd1 O-O-O 14. d4 Rhe8 15. Bd2 Kb8 16. Kc1 h6 17. Rf1 Re6 18. Qd3 Rde8 19. b3 Bh4 20. Kb2 Bg5 21. Rae1 Qe7 22. Nd1 Ne4 23. Bxe4 Rxe4 24. c4 Bh4 25. Nf2 Re6 26. cxd5 cxd5 27. Rc1 a6 28. Nd1 Bg5 29. a3 Qd7 30. Rc5 Nh4 31. Be1 Ng2 32. Bg3+ Ka7 33. Rc7 Qd8 34. Rfxf7 R8e7 35. Rfxe7 Rxe7 36. Rxe7 Qxe7 37. Be5 Qf7 38. e4 Nf4 39. Qf3 dxe4 40. Qxe4 Nd5 41. Qf5 Qe7 42. Qc8 Bf4 43. Qb8+ Kb6 44. Bxf4 Qe4 45. Qd6+ Ka7 46. Qb8+ Kb6 47. Qd8+ Kc6 48. Qd6+ Kb5 49. a4+ Ka5 50. Qc5+ b5 51. Bc7+ Nxc7 52. b4+ 1-0


[Site "https://www.chess.com"]

[Event "Titled Tuesday Blitz February 15 Early 2022"]
[White "Loy, Konstantin"]
[Black "Kejzar, Petra"]
[WhiteFideId "14122499"]
[BlackFideId "14610213"]
[WhiteElo "2084"]
[BlackElo "2006"]
[Result "1-0"]
[Round "04"]
[TimeControl "180+1"]
[Date "2022.02.15"]
[WhiteClock "0:00:30"]
[BlackClock "0:00:58"]

1. e4 c5 2. Nf3 e6 3. d3 Nc6 4. g3 d6 5. Bg2 Nf6 6. O-O Be7 7. Re1 O-O 8. c3 Rb8 9. d4 cxd4 10. cxd4 d5 11. e5 Ne4 12. Nbd2 f5 13. exf6 Nxf6 14. Nb3 Na5 15. Bf4 Bd6 16. Bxd6 Nxb3 17. Bxb8 Nxa1 18. Qxa1 Ne4 19. Bf4 g5 20. Be3 Qf6 21. Re2 h5 22. Ne5 g4 23. Bxe4 dxe4 24. Qb1 b6 25. Qxe4 Ba6 26. Rc2 Qf4 1-0


[Site "https://www.chess.com"]

[Event "Titled Tuesday Blitz February 15 Early 2022"]
[White "Magallanes, Rey Jomar"]
[Black "Bon, Michael"]
[WhiteFideId "5205948"]
[BlackFideId "620696"]
[WhiteElo "2209"]
[BlackElo "2452"]
[Result "1-0"]
[Round "04"]
[TimeControl "180+1"]
[Date "2022.02.15"]
[WhiteClock "0:00:36"]
[BlackClock "0:00:04"]

1. d4 Nf6 2. c4 c5 3. d5 b5 4. cxb5 a6 5. bxa6 Bxa6 6. Nc3 g6 7. Nf3 d6 8. h3 Bg7 9. e4 Bxf1 10. Kxf1 Nbd7 11. Kg1 O-O 12. Kh2 Qa5 13. Rb1 Rfb8 14. Bd2 Ne8 15. Qc1 Nc7 16. Re1 Nb5 17. a3 Nxc3 18. Bxc3 Bxc3 19. Qxc3 Qxc3 20. bxc3 Rxa3 21. Rxb8+ Nxb8 22. Rb1 Ra8 23. e5 Nd7 24. exd6 exd6 25. Rb7 Rd8 26. Ng5 h6 27. Ne4 Ne5 28. f4 Nc4 29. g4 Kg7 30. Kg3 Ne3 31. g5 hxg5 32. Nxg5 Nxd5 33. Nxf7 Ra8 34. Nxd6+ Kf6 35. Ne4+ Kf5 36. Nxc5 Nxc3 37. Rf7# 1-0


[Site "https://www.chess.com"]

[Event "Titled Tuesday Blitz February 15 Early 2022"]
[White "Makarian, Rudik"]
[Black "Volkov, Maksim"]
[WhiteFideId "44105681"]
[BlackFideId "54123070"]
[WhiteElo "2486"]
[BlackElo "2081"]
[Result "1-0"]
[Round "04"]
[TimeControl "180+1"]
[Date "2022.02.15"]
[WhiteClock "0:00:08"]
[BlackClock "0:00:06"]

1. d3 d5 2. f4 Nf6 3. g3 c5 4. Bg2 Nc6 5. Nf3 e6 6. O-O b5 7. e4 dxe4 8. dxe4 Bb7 9. e5 Nd5 10. Qe2 Qb6 11. c3 a5 12. Nbd2 c4+ 13. Kh1 Ne3 14. Re1 Nxg2 15. Kxg2 Ne7 16. Ne4 Nd5 17. Be3 Qc7 18. Bd4 Be7 19. Kg1 O-O 20. h4 b4 21. Nfg5 h6 22. Qh5 bxc3 23. bxc3 hxg5 24. hxg5 Rfd8 25. Re2 g6 26. Qh4 Bf8 27. Rh2 Bg7 28. Nf6+ Kf8 29. Qh7 Ne7 30. Rb1 Nf5 31. Rxb7 Rxd4 32. Qg8+ Ke7 33. Rxc7+ 1-0


[Site "https://www.chess.com"]

[Event "Titled Tuesday Blitz February 15 Early 2022"]
[White "Maltsevskaya, Aleksandra"]
[Black "Mejia, Cherry Ann"]
[WhiteFideId "24174041"]
[BlackFideId "5206880"]
[WhiteElo "2283"]
[BlackElo "2007"]
[Result "1/2-1/2"]
[Round "04"]
[TimeControl "180+1"]
[Date "2022.02.15"]
[WhiteClock "0:00:02"]
[BlackClock "0:00:03"]

1. e4 c5 2. Nf3 Nc6 3. d4 cxd4 4. Nxd4 Qb6 5. Nb3 Nf6 6. Nc3 e6 7. Be3 Qc7 8. Qe2 a6 9. O-O-O b5 10. Nd5 exd5 11. exd5 Ne5 12. f4 d6 13. fxe5 dxe5 14. d6 Bxd6 15. Qf3 e4 16. Qf2 Ng4 17. Qh4 O-O 18. Bd4 f5 19. Be2 Nf6 20. Kb1 Be6 21. g4 Rac8 22. gxf5 Qxc2+ 23. Ka1 Bxb3 24. axb3 Qxe2 25. Rhg1 Kh8 26. Rde1 Qd2 27. Rd1 Qf4 28. Qh3 Qf3 29. Qh4 Qf4 30. Qh3 Qf3 31. Qh4 Qf4 1/2-1/2


[Site "https://www.chess.com"]